 Dungeon Crawl Stone Soup version 0.19.0-18-g426998a (webtiles) character file.

107797 Dioneo the Severer (level 16, -5/149 HPs)
             Began as a Hill Orc Abyssal Knight on Nov 11, 2016.
             Was the Champion of Lugonu.
             Succumbed to a merfolk impaler's poison
             ... on level 1 of the Shoals.
             The game lasted 01:50:27 (34593 turns).

Dioneo the Severer (Hill Orc Abyssal Knight)       Turns: 34593, Time: 01:50:28

Health: -5/149     AC: 32    Str: 21    XL:     16   Next: 47%
Magic:  26/26      EV: 12    Int:  7    God:    Lugonu [******]
Gold:   1571       SH:  0    Dex: 11    Spells: 3 memorised, 10 levels left

rFire  + . .     SeeInvis +     a - +4 battleaxe (vamp)
rCold  + + +     Gourm    .     l - +8 chain mail of Eternal Night {rF+ rC+++ MR+ Stlth-}
rNeg   . . .     Faith    .     (shield currently unavailable)
rPois  .         Spirit   .     P - +2 hat {MR+}
rElec  .         Reflect  .     H - +2 cloak {MR+}
rCorr  .         Harm     .     j - +0 pair of gloves
MR     +++++                    U - +2 pair of boots of Supple Strength {+Inv Int-5 SInv}
Stlth  ..........               w - amulet of rage
                                V - +3 ring of slaying
                                S - ring of protection from magic

@: lethally poisoned (-5 -> -146)
A: sturdy frame 1
a: Depart the Abyss, Bend Space, Banish, Corrupt, Enter the Abyss, Renounce
Religion, Evoke Berserk Rage, Evoke Invisibility


You were on level 1 of the Shoals.
You worshipped Lugonu.
Lugonu was exalted by your worship.
You were not hungry.

You visited 4 branches of the dungeon, and saw 25 of its levels.
You visited the Abyss 1 time.
You also visited: Labyrinth and Volcano.

You collected 2452 gold pieces.
You spent 881 gold pieces at shops.

Inventory:

Hand Weapons
 a - a +4 vampiric battleaxe (weapon)
 I - a +5 battleaxe of flaming
Armour
 j - a +0 pair of gloves (worn)
 l - the +8 chain mail of Eternal Night (worn) {rF+ rC+++ MR+ Stlth-}
   (You found it on level 5 of the Dungeon)

   It protects you from fire.
   It renders you almost immune to cold.
   It affects your resistance to hostile enchantments.
   It makes you less stealthy.
 H - a +2 cloak of magic resistance (worn)
 P - a +2 hat of magic resistance (worn)
 U - the +2 pair of boots of Supple Strength (worn) {+Inv Int-5 SInv}
   (You found it in a volcano)

   It affects your intelligence (-5).
   It lets you see invisible.
   It lets you turn invisible.
Rods
 D - a +1 lightning rod (14/14)
   (You found it in a labyrinth)
Jewellery
 f - an uncursed ring of flight
 p - an uncursed ring of ice
 v - a +5 ring of evasion
 w - an amulet of rage (around neck)
 x - an uncursed ring of resist corrosion
 R - an uncursed ring of protection from fire
 S - a ring of protection from magic (left hand)
 V - a +3 ring of slaying (right hand)
Wands
 g - a wand of digging (14/24)
 t - a wand of disintegration (11/24)
 y - a wand of heal wounds (3/9)
 B - a wand of iceblast (12/15)
 C - a wand of heal wounds (6/9)
Scrolls
 b - 10 scrolls of remove curse
 h - 3 scrolls of fog
 i - 6 scrolls of fear
 o - 5 scrolls of noise
 s - a scroll of identify
 z - 2 scrolls of blinking
 A - 8 scrolls of amnesia
 K - 4 scrolls of enchant armour
 L - 3 scrolls of magic mapping
 W - 6 scrolls of recharging
 Z - 4 scrolls of teleportation
Potions
 d - 3 potions of curing
 e - 5 potions of brilliance
 m - 2 potions of flight
 n - 2 potions of might
 r - 2 potions of haste
 u - a potion of cancellation
 E - a potion of berserk rage
 F - 2 potions of magic
 G - a potion of cure mutation
 J - 2 potions of resistance
 M - a potion of agility
 N - 3 potions of ambrosia
 O - a potion of heal wounds
Miscellaneous
 q - a fan of gales
 Q - a sack of spiders
Comestibles
 c - 12 bread rations


   Skills:
 + Level 15.6 Fighting
 + Level 19.1 Axes
 + Level 15.1 Armour
 + Level 8.3 Dodging
 - Level 13.6 Invocations
 - Level 5.0 Evocations


You had 10 spell levels left.
You knew the following spells:

 Your Spells              Type           Power        Failure   Level  Hunger
a - Apportation           Tloc           #.........   98%         1    ##.....
b - Repel Missiles        Chrm/Air       #.....       99%         2    ###....
c - Blink                 Tloc           N/A          99%         2    ###....


Dungeon Overview and Level Annotations

Branches:
Dungeon (15/15)            Temple (0/1) D:5            Lair (6/6) D:11
 Shoals (2/4) Lair:4        Snake (0/4) Lair:4        Slime (0/5) Lair:6
    Orc (2/2) D:12            Elf (0/3) Orc:2        Vaults (0/5) D:14
 Depths (0/5) D:15

Altars:
Ashenzari
Dithmenos
Elyvilon
Fedhas
Hepliaklqana
Kikubaaqudgha
Okawaru
Ru
Sif Muna
Uskayaw
Xom
Zin
Beogh

Shops:
D:6 }   D:13 ?:   Orc:2 !}=?   Shoals:1 :

Annotations:
D:9 !Rakshasa
D:11 corrupted
D:14 4 runed doors, exclusion: 4 doors
Abyss:1 Agnes, Josephine, Rupert, Snorg


Innate Abilities, Weirdness & Mutations

Your movements are slightly less encumbered by armour. (ER -2)


Message History

The sea snake is almost dead.
* * * LOW HITPOINT WARNING * * *
You feel extremely sick.
The merfolk impaler hits you but does no damage.
You are more poisoned.
A snapping turtle comes into view.
The snapping turtle hisses angrily.
You slice the sea snake!!
You feel better.
You kill the sea snake!
Lugonu accepts your kill.
* * * LOW HITPOINT WARNING * * *
You feel extremely sick.
The merfolk impaler hits you but does no damage.
The merfolk impaler closely misses you.
* * * LOW HITPOINT WARNING * * *
You feel extremely sick.
The merfolk impaler hits you from afar with a trident of venom!!
* * * LOW HITPOINT WARNING * * *
You climb upwards.
You die...

≈..≈.≈≈≈≈≈......(†# #..(...#.≈.
≈≈≈...≈≈≈≈≈≈......## #.(...##...
.≈≈....≈≈≈≈≈≈≈≈≈..>####.......#..
≈≈...###.c.≈≈≈≈≈≈≈...##.....)....
≈≈..(#####..≈≈≈≈≈≈≈.......)....(.
≈≈....##....≈≈.≈≈≈≈≈≈≈≈≈..###..).
....÷....≈≈≈≈...≈≈≈≈≈≈≈≈..###....
≈.......≈≈≈....≈≈≈≈≈...≈.........
≈..≈....≈.≈...≈≈@≈≈≈≈≈≈≈≈........
≈≈...........≈≈.##.≈≈≈≈≈........≈
....##.........###..≈≈≈≈.....≈≈≈≈
........≈..≈....#.....≈≈.....≈≈≈≈
...≈....≈≈≈≈..................≈≈≈
....≈...≈≈≈.........##....##..≈≈≈
...≈.≈..≈≈.≈≈≈......###.......≈≈≈
≈.......≈≈.≈≈≈≈...#.###......≈≈≈≈
≈..≈≈...≈≈≈≈≈≈≈.....##.....≈≈≈≈≈≈


You could see a centaur.

Vanquished Creatures
  Kirke (Lair:5)
  An orc warlord (Orc:1)
  A stone giant (Orc:1)
  A dire elephant (D:15)
  2 ogre magi (Orc:2)
  3 centaur warriors
  An alligator snapping turtle (Shoals:1)
  A merfolk aquamancer (Shoals:1)
  Erica (D:10)
  5 death yaks
  An orc high priest (D:12)
  A fire crab (Volcano)
  5 sea snakes
  2 unseen horrors
  2 lindwurms
  2 deep trolls (Orc:2)
  11 hill giants
  2 orc knights
  10 harpies (Shoals:1)
  4 fauns (Shoals:1)
  3 manticores
  8 ugly things
  3 cyclopes
  A faun (shapeshifter) (D:13)
  2 orc sorcerers (Orc:1)
  A salamander (D:15)
  A water nymph (Shoals:1)
  Joseph (D:9)
  A guardian serpent (Lair:4)
  2 sirens
  9 black mambas
  2 centaur zombies
  A torpor snail (Lair:6)
  18 spiny frogs
  5 komodo dragons
  5 rime drakes
  2 kobold demonologists (D:12)
  A redback zombie (D:15)
  A freezing wraith (D:15)
  2 efreet (D:13)
  12 merfolk
  2 tengu conjurers (D:15)
  A wind drake (Shoals:1)
  A minotaur zombie (Lab)
  4 hornets (Lair:6)
  16 trolls
  9 two-headed ogres
  A wolf spider simulacrum (D:15)
  A harpy skeleton (D:15)
  5 blink frogs (Lair:1)
  9 slime creatures (D:15)
  8 hippogriffs
  3 snapping turtles (Shoals:1)
  Sigmund (D:5)
  A snapping turtle (shapeshifter) (D:14)
  Eustachio (D:5)
  5 redbacks
  A vampire (D:13)
  11 water elementals
  21 yaks
  5 hogs
  12 wyverns
  A fire elemental (Lair:4)
  4 wraiths (D:11)
  4 fire bats
  Grum (D:10)
  5 basilisks
  9 hungry ghosts
  A steam dragon (D:9)
  A mottled dragon (shapeshifter) (D:14)
  3 mottled dragons
  8 vampire mosquitoes
  7 wargs
  3 hell hounds (Volcano)
  A hornet zombie (D:10)
  17 water moccasins
  3 porcupines
  27 orc warriors
  4 ice beasts
  2 sky beasts
  An eye of draining (D:13)
  2 black bears (D:11)
  4 phantoms
  An ice beast (shapeshifter) (D:14)
  14 wolves
  28 ogres
  15 centaurs
  3 necrophages (D:12)
  Blork the orc (D:6)
  3 big kobolds
  10 crocodiles
  13 bullfrogs
  A wyvern skeleton (D:9)
  7 scorpions
  8 killer bees
  13 wights
  4 electric eels
  6 howler monkeys
  5 bullfrog zombies
  2 lava snakes (Lair:4)
  6 crimson imps
  A quasit (D:13)
  9 jellies
  11 hounds
  13 orc priests
  Crazy Yiuf (D:7)
  2 bullfrog skeletons
  A gnoll shaman (D:7)
  Jessica (D:8)
  3 centaur skeletons
  6 iguanas
  23 orc wizards
  20 worker ants
  The ghost of glosham the Conjurer, a weakling FoCj (D:15)
  A hound zombie (D:6)
  A mummy (D:12)
  A hound skeleton (D:9)
  14 gnolls
  19 adders
  A river rat (Lair:6)
  A shadow imp (D:5)
  2 oozes
  2 adder skeletons
  2 dart slugs
  2 worms
  6 leopard geckos
  78 orcs
  2 ball pythons
  7 bats
  3 giant cockroaches
  10 goblins
  7 hobgoblins
  5 jackals
  14 kobolds
  5 quokkas
  4 frilled lizards
  A leopard gecko skeleton (D:10)
  A leopard gecko zombie (D:6)
  2 quokka skeletons
  5 rats
  5 fungi
  6 plants
803 creatures vanquished.

Vanquished Creatures (others)
  A minotaur (Lab)
  A rakshasa (D:11)
  5 hydras
  A centaur warrior (Shoals:1)
  A satyr (Shoals:2)
  A hell hog (Volcano)
  2 hill giants
  2 wolf spiders
  A siren (Shoals:1)
  A guardian serpent (Lair:6)
  2 spiny frogs (Lair:6)
  A komodo dragon (D:11)
  2 hornets (D:11)
  A redback (Lair:6)
  A steam dragon (Volcano)
  3 hungry ghosts (Lab)
  A spatial vortex (D:11)
  A water moccasin (D:11)
  A phantom (D:11)
  An ogre (D:5)
  An orc priest (Orc:1)
  An orc (Orc:1)
  17 fungi
  28 plants
  4 starspawn tentacles (D:11)
81 creatures vanquished.

Grand Total: 884 creatures vanquished

Notes
Turn   | Place    | Note
-------+----------+-------------------------------------------
     0 | Abyss:1  | Dioneo the Hill Orc Abyssal Knight began the quest for the Orb.
     0 | Abyss:1  | Reached XP level 1. HP: 19/19 MP: 2/2
    46 | D:1      | Escaped the Abyss
    67 | D:1      | Reached skill level 3 in Axes
   309 | D:1      | Reached XP level 2. HP: 25/26 MP: 4/4
  1425 | D:2      | Reached ** piety under Lugonu
  1495 | D:2      | Reached XP level 3. HP: 25/31 MP: 5/5
  1533 | D:2      | Reached skill level 4 in Axes
  1862 | D:2      | Reached XP level 4. HP: 39/39 MP: 7/7
  2555 | D:2      | Reached XP level 5. HP: 23/45 MP: 8/8
  2721 | D:2      | Reached skill level 5 in Invocations
  2791 | D:2      | Gained mutation: Your movements are slightly less encumbered by armour. (ER -2) [potion of beneficial mutation]
  2899 | D:3      | Reached skill level 5 in Axes
  2980 | D:3      | Noticed a hand axe
  2980 | D:3      | Noticed a dagger
  2988 | D:3      | Found a hide-covered altar of Uskayaw.
  2999 | D:3      | Reached *** piety under Lugonu
  3009 | D:3      | Found a shimmering altar of Xom.
  3054 | D:3      | Found an iron altar of Okawaru.
  3095 | D:3      | Found a faded altar of an unknown god.
  3095 | D:3      | Found a faded altar of an unknown god.
  3100 | D:3      | Found a faded altar of an unknown god.
  3102 | D:3      | Found a faded altar of an unknown god.
  3104 | D:3      | Found a blossoming altar of Fedhas.
  3529 | D:3      | Found a sacrificial altar of Ru.
  3534 | D:3      | Found a white marble altar of Elyvilon.
  3540 | D:3      | Found a shattered altar of Ashenzari.
  3754 | D:3      | Reached XP level 6. HP: 45/51 MP: 10/10
  3761 | D:3      | Reached skill level 6 in Axes
  4090 | D:4      | Learned a level 1 spell: Apportation
  4190 | D:4      | Found a shadowy altar of Dithmenos.
  4534 | D:4      | Reached skill level 7 in Axes
  4534 | D:4      | Reached XP level 7. HP: 45/57 MP: 12/12
  4670 | D:4      | Found a glowing silver altar of Zin.
  4888 | D:4      | Learned a level 2 spell: Repel Missiles
  4891 | D:5      | Entered Level 5 of the Dungeon
  5080 | D:5      | Reached skill level 8 in Axes
  5205 | D:5      | Noticed Sigmund
  5220 | D:5      | Killed Sigmund
  5220 | D:5      | Reached **** piety under Lugonu
  5220 | D:5      | Reached XP level 8. HP: 48/64 MP: 14/14
  5407 | D:5      | Noticed Eustachio
  5426 | D:5      | Killed Eustachio
  5426 | D:5      | Reached skill level 9 in Axes
  5511 | D:5      | Found a staircase to the Ecumenical Temple.
  5815 | D:5      | Got a topaz-encrusted chain mail
  5826 | D:5      | Identified the +8 chain mail of Eternal Night {rF+ rC+++ MR+ Stlth-} (You found it on level 5 of the Dungeon)
  5989 | D:6      | Noticed Blork the orc
  6001 | D:6      | Killed Blork the orc
  6001 | D:6      | Reached skill level 10 in Axes
  6335 | D:6      | Reached XP level 9. HP: 60/70 MP: 15/15
  6734 | D:6      | Found an ancient bone altar of Kikubaaqudgha.
  6850 | D:6      | Found Cenuduat's Gadget Boutique.
  7142 | D:7      | Reached skill level 11 in Axes
  7142 | D:7      | Reached skill level 5 in Armour
  7485 | D:7      | Found a runed door.
  7489 | D:7      | Noticed Crazy Yiuf
  7502 | D:7      | Killed Crazy Yiuf
  7939 | D:7      | Reached skill level 10 in Invocations
  9451 | D:8      | Noticed Jessica
  9458 | D:8      | Killed Jessica
  9462 | D:8      | Found a deep blue altar of Sif Muna.
  9519 | D:8      | Found a hazy altar of Hepliaklqana.
  9529 | D:8      | Noticed a hill giant
  9531 | D:8      | Banished a hill giant
  9531 | D:8      | Reached skill level 12 in Axes
  9726 | D:8      | Reached XP level 10. HP: 76/80 MP: 16/18
  9914 | D:8      | Reached skill level 5 in Fighting
 10567 | D:9      | Noticed Joseph
 10580 | D:9      | Killed Joseph
 11127 | D:9      | Noticed a rakshasa
 11384 | D:10     | Entered Level 10 of the Dungeon
 11392 | D:10     | Noticed Grum
 11444 | D:10     | Killed Grum
 11600 | D:10     | Noticed a hill giant
 11614 | D:10     | Reached ***** piety under Lugonu
 11614 | D:10     | Reached skill level 13 in Axes
 11622 | D:10     | Killed a hill giant
 12021 | D:10     | Reached XP level 11. HP: 79/92 MP: 19/19
 12249 | D:10     | Noticed Snorg
 12253 | D:10     | Banished Snorg
 12256 | D:10     | Noticed Erica
 12269 | D:10     | Killed Erica
 12915 | D:11     | Paralysed by a hornet for 1 turns
 12922 | D:11     | Paralysed by a hornet for 2 turns
 13208 | D:11     | Corrupted D:11
 13208 | D:11     | Noticed a starcursed mass
 13208 | D:11     | Noticed a lich
 13208 | D:11     | Noticed a starcursed mass
 13208 | D:11     | Noticed a tentacled starspawn
 13208 | D:11     | Noticed a large abomination
 13208 | D:11     | Noticed a starcursed mass
 13209 | D:11     | Noticed a worldbinder
 13210 | D:11     | Noticed a spatial maelstrom
 13210 | D:11     | Noticed a starspawn tentacle
 13210 | D:11     | Noticed a starspawn tentacle
 13210 | D:11     | Killed a starspawn tentacle segment
 13210 | D:11     | Killed a starspawn tentacle segment
 13210 | D:11     | Killed a starspawn tentacle segment
 13211 | D:11     | Noticed a large abomination
 13211 | D:11     | Noticed a starspawn tentacle segment
 13212 | D:11     | Noticed a hell hog
 13212 | D:11     | Killed a starspawn tentacle segment
 13213 | D:11     | Killed a rakshasa
 13216 | D:11     | Killed a starspawn tentacle
 13216 | D:11     | Killed a starspawn tentacle
 13217 | D:11     | Noticed a hill giant
 13224 | D:11     | Noticed a starspawn tentacle
 13224 | D:11     | Noticed a starspawn tentacle
 13224 | D:11     | Banished a hill giant
 13224 | D:11     | Killed a starspawn tentacle
 13224 | D:11     | Killed a starspawn tentacle
 13358 | D:11     | Noticed a bone dragon
 13471 | D:11     | Noticed Josephine
 13473 | D:11     | Banished Josephine
 13622 | D:11     | Found a staircase to the Lair.
 14006 | D:11     | Killed an unseen horror
 14006 | D:11     | Reached skill level 14 in Axes
 14201 | D:11     | Noticed a hill giant
 14216 | D:11     | Killed a hill giant
 14707 | Lair:1   | Entered Level 1 of the Lair of Beasts
 14739 | Lair:1   | Found a labyrinth entrance.
 14747 | Lab      | Entered a labyrinth
 15514 | Lab      | Reached XP level 12. HP: 99/104 MP: 21/21
 15629 | Lab      | Noticed a minotaur
 15647 | Lab      | Banished a minotaur
 15997 | Lab      | Got a slimy plate armour
 16013 | Lab      | Identified the +1 plate armour of the Morning {*Slow +Blink rN++ Dex+3} (You found it in a labyrinth)
 16097 | Lab      | Identified a +4 rod of inaccuracy (9/9) (You found it in a labyrinth)
 16359 | Lair:1   | Reached skill level 10 in Armour
 16373 | Lair:1   | Noticed a six-headed hydra
 16382 | Lair:1   | Banished a six-headed hydra
 16577 | Lair:1   | Reached skill level 10 in Fighting
 16690 | Lair:1   | Reached skill level 1 in Dodging
 17020 | Lair:1   | Identified 2 scrolls of acquirement
 17212 | Lair:2   | Found a dark tunnel.
 17262 | Volcano  | Entered a volcano
 17284 | Volcano  | Reached skill level 15 in Axes
 17399 | Volcano  | Noticed a hell hog
 17408 | Volcano  | Banished a hell hog
 17427 | Volcano  | Got a pair of twisted boots
 17438 | Volcano  | Identified the +2 pair of boots of Supple Strength {+Inv Int-5 SInv} (You found it in a volcano)
 17846 | Lair:2   | Noticed an eight-headed hydra
 17850 | Lair:2   | Banished an eight-headed hydra
 18568 | Lair:2   | Reached XP level 13. HP: 106/115 MP: 23/23
 18991 | Lair:3   | Upgraded the game from 0.19.0-16-g73b5abf to 0.19.0-18-g426998a
 20323 | Lair:4   | Found a staircase to the Snake Pit.
 20524 | Lair:4   | Found a staircase to the Shoals.
 20724 | Lair:4   | Learned a level 2 spell: Blink
 21262 | Lair:5   | Reached skill level 16 in Axes
 21278 | Lair:5   | Noticed Kirke
 21465 | Lair:5   | Killed Kirke
 22250 | Lair:6   | Entered Level 6 of the Lair of Beasts
 22290 | Lair:5   | Reached skill level 5 in Dodging
 23402 | Lair:6   | Reached XP level 14. HP: 122/127 MP: 24/24
 23667 | Lair:6   | Found a staircase to the Slime Pits.
 23698 | Lair:6   | Paralysed by a hornet for 3 turns
 25102 | D:11     | Reached skill level 17 in Axes
 25509 | D:12     | Reached skill level 1 in Evocations
 25563 | D:12     | Found a staircase to the Orcish Mines.
 27606 | D:13     | Found Bawah's Magic Scroll Shop.
 27609 | D:13     | Bought a scroll of enchant armour for 112 gold pieces
 27609 | D:13     | Bought a scroll of magic mapping for 52 gold pieces
 27609 | D:13     | Bought 2 scrolls of teleportation for 90 gold pieces
 27609 | D:13     | Bought a scroll of fog for 30 gold pieces
 27789 | D:13     | Found Ymyd's Book Emporium.
 28203 | D:14     | Noticed Rupert
 28203 | D:14     | Banished Rupert
 28304 | D:14     | Reached XP level 15. HP: 137/137 MP: 25/25
 28584 | D:14     | Found a gate to the Vaults.
 28872 | D:14     | Found a runed door.
 28884 | D:14     | Found a runed door.
 28897 | D:14     | Found a runed door.
 28909 | D:14     | Found a runed door.
 29083 | D:15     | Entered Level 15 of the Dungeon
 29330 | D:15     | Reached ****** piety under Lugonu
 29330 | D:15     | Reached skill level 18 in Axes
 29336 | D:15     | Identified a +5 battleaxe of distortion (a +3 battleaxe corrupted by Lugonu)
 29336 | D:15     | Received a gift from Lugonu
 29490 | D:15     | Reached skill level 5 in Evocations
 29879 | D:15     | Found a staircase to the Depths.
 30098 | D:15     | Noticed glosham's ghost (weakling FoCj)
 30108 | D:15     | Killed glosham's ghost
 30463 | D:15     | Noticed Agnes
 30465 | D:15     | Banished Agnes
 31021 | Orc:1    | Entered Level 1 of the Orcish Mines
 31142 | Orc:2    | Entered Level 2 of the Orcish Mines
 31339 | Orc:2    | Found Mudoifful's Jewellery Shoppe.
 31339 | Orc:2    | Found Cyshrei's Magic Scroll Emporium.
 31341 | Orc:2    | Found Umonih's Distillery.
 31370 | Orc:2    | Found Tuleik's Gadget Emporium.
 31413 | Orc:2    | Found a staircase to the Elven Halls.
 31480 | Orc:2    | Found a roughly hewn altar of Beogh.
 31958 | Orc:2    | Bought a scroll of enchant weapon for 90 gold pieces
 31958 | Orc:2    | Bought a scroll of identify for 24 gold pieces
 31958 | Orc:2    | Bought a scroll of identify for 24 gold pieces
 31958 | Orc:2    | Bought a scroll of enchant armour for 90 gold pieces
 31958 | Orc:2    | Bought a scroll of identify for 24 gold pieces
 31958 | Orc:2    | Bought a scroll of identify for 24 gold pieces
 31958 | Orc:2    | Bought a scroll of blinking for 90 gold pieces
 31967 | Orc:2    | Bought a potion of curing for 33 gold pieces
 31967 | Orc:2    | Bought a potion of curing for 33 gold pieces
 31967 | Orc:2    | Bought 2 potions of heal wounds for 110 gold pieces
 31967 | Orc:2    | Bought a potion of heal wounds for 55 gold pieces
 32090 | Orc:1    | Noticed an orc warlord
 32116 | Orc:1    | Killed an orc warlord
 32116 | Orc:1    | Reached skill level 15 in Fighting
 32260 | Orc:1    | Reached XP level 16. HP: 149/149 MP: 26/26
 32879 | Shoals:1 | Entered Level 1 of the Shoals
 33188 | Shoals:1 | You fall through a shaft!
 33725 | Shoals:1 | Reached skill level 19 in Axes
 33914 | Shoals:1 | Found Quutos's Book Emporium.
 33924 | Shoals:1 | Reached skill level 15 in Armour
 34593 | Shoals:1 | Succumbed to a merfolk impaler's poison

Skill      XL: |  1  2  3  4  5  6  7  8  9 10 11 12 13 14 15 16 |
---------------+-------------------------------------------------+-----
Axes           | 3 4 5 7 8 10 12 13 14 15 16 17 18 19 | 19.1
Invocations    | 3 4 5 6 8 9 10 11 13 | 13.6
Armour         | 4 6 8 9 11 12 13 14 15 | 15.1
Fighting       | 4 7 9 10 12 13 15 | 15.6
Dodging        | 3 5 6 7 8 |  8.3
Evocations     | 3 5 |  5.0

Action                   |  1- 3 |  4- 6 |  7- 9 | 10-12 | 13-15 | 16-18 || total
-------------------------+-------+-------+-------+-------+-------+-------++-------
Melee: Hand axe          |   119 |   239 |   580 |    27 |       |       ||   965
       Battleaxe         |       |       |       |   824 |  1522 |   272 ||  2618
       War axe           |       |       |       |    61 |       |       ||    61
Invok: Bend Space        |       |     2 |       |     5 |       |       ||     7
       Banish            |       |       |     2 |    18 |    15 |     5 ||    40
       Corrupt           |       |       |       |     1 |       |       ||     1
       Brand Weapon With |       |       |       |       |     1 |       ||     1
Evoke: Wand              |       |       |       |     1 |     3 |       ||     4
  Use: Scroll            |       |     9 |     4 |    12 |    21 |     1 ||    47
       Potion            |       |     2 |       |    10 |     2 |     3 ||    17
  Eat: Chunk             |     3 |     7 |    20 |    23 |    14 |     2 ||    69
       Beef jerky        |       |     1 |     2 |     2 |     4 |       ||     9
       Fruit             |       |       |     2 |    24 |    25 |       ||    51
       Meat ration       |       |       |       |     4 |     5 |     1 ||    10
       Royal jelly       |       |       |       |     2 |       |       ||     2
       Pizza             |       |       |       |     1 |       |       ||     1
Armor: Leather armour    |    11 |       |       |       |       |       ||    11
       Chain mail        |    56 |   161 |   268 |   765 |   937 |   265 ||  2452
Dodge: Dodged            |    45 |   105 |   152 |   442 |   844 |   223 ||  1811
